AoeStats
← Princess Mi Amore Cadenza

Lombardia

508001169Analyzed
4v4 RM · 12d ago on Sep 20, 2026· 73m 36s· 8 players
Game mode
Random Map
Map size
Large (8 player)
Population
200
Speed
Normal
Resources
Standard
Victory
Conquest
Starting age
Dark Age
Ending age
Imperial Age
RankedLock teamsTeams togetherTeam positionsShared explorationLock speedFull tech treeHidden civsTurbo modeCheats
Victory
Defeat
🇨🇳 Mongols · China
1591
+13
1524
+16
🇨🇳 Italians · China
1498
+17
1482
+18
🇬🇧 Chinese · United Kingdom
1560
-17
🇨🇳 Aztecs · China
1560
-17
🇺🇸 Berbers · United States
1528
-16
🇹🇼 Franks · Taiwan
1471
-14
BiliBili风间
8:08 Feudal Age
8:46 Double-Bit Axe
11:18 Horse Collar
12:49 Forging
19:09 Castle Age
20:43 Heavy Plow
20:54 Bow Saw
22:23 Wheelbarrow
22:03 Stone Mining
25:51 Stone Shaft Mining
25:56 Gold Mining
27:01 Hand Cart
27:05 Fletching
27:42 Bodkin Arrow
28:34 Gold Shaft Mining
29:42 Husbandry
33:06 Imperial Age
30:22 Loom
30:59 Bloodlines
31:52 Ballistics
32:22 Thumb Ring
32:21 Padded Archer Armor
32:17 Town Watch
33:10 Elite Mangudai
34:53 Chemistry
33:55 Bracer
34:10 Leather Archer Armor
34:21 Parthian Tactics
34:58 Conscription
34:35 Onager
35:28 Caravan
36:41 Drill
35:53 Siege Onager
36:43 Scale Barding Armor
38:41 Hoardings
47:43 Coinage
51:17 Banking
50:53 Capped Ram
55:02 Siege Ram
黑人快去挖矿
10:58 Feudal Age
15:41 Castle Age
13:46 Double-Bit Axe
16:34 Horse Collar
17:40 Heavy Plow
17:56 Bow Saw
17:46 Heavy Plow
20:46 Loom
24:16 Town Watch
24:47 Stone Mining
27:18 Caravan
27:14 Gold Mining
28:47 Silk Road
30:36 Wheelbarrow
34:18 Imperial Age
32:45 Hand Cart
32:44 Town Patrol
33:35 Coinage
33:04 Fletching
33:15 Padded Archer Armor
34:22 Ballistics
34:22 Bodkin Arrow
34:43 Leather Archer Armor
35:34 Conscription
37:20 Chemistry
36:15 Elite Genoese Crossbowman
37:35 Bracer
38:06 Ring Archer Armor
39:47 Hoardings
39:26 Fortified Wall
39:28 Masonry
40:12 Squires
44:36 Two-Man Saw
45:34 Onager
50:17 Scale Mail Armor
50:27 Forging
53:59 Banking
55:08 Pirotechnia
54:43 Man-at-Arms
55:08 Arson
56:38 Crossbowman
57:23 Thumb Ring
57:32 Long Swordsman
58:34 Pirotechnia
59:03 Architecture
58:14 Treadmill Crane
59:00 Guilds
61:04 Murder Holes
64:26 Arbalester
65:14 Elite Skirmisher
Princess Mi Amore Cadenza
8:27 Loom
10:32 Feudal Age
14:55 Castle Age
13:18 Double-Bit Axe
13:39 Horse Collar
15:40 Heavy Plow
19:25 Wheelbarrow
18:39 Champi Runner
21:08 Champi Warrior
22:59 Scale Mail Armor
25:55 Bow Saw
26:07 Town Watch
27:51 Squires
28:35 Chain Mail Armor
31:37 Imperial Age
29:25 Hand Cart
29:31 Gold Mining
29:31 Stone Mining
31:17 Herbalism
31:35 Forging
32:42 Conscription
32:55 Plate Mail Armor
33:00 Iron Casting
32:30 Elite Champi Warrior
34:43 Pikeman
37:28 Two-Man Saw
36:59 Crop Rotation
36:31 Onager
41:02 Gold Shaft Mining
41:09 Elite Temple Guard
42:38 Treadmill Crane
44:53 Siege Engineers
50:43 Thumb Ring
51:36 Fletching
52:13 Huaracas
53:13 Chemistry
52:16 Bodkin Arrow
52:21 Padded Archer Armor
53:56 Coinage
54:17 Bracer
54:33 Leather Archer Armor
57:59 Banking
57:59 Banking
58:49 Capped Ram
60:12 Masonry
67:58 Elite Skirmisher
正在以雷霆之姿草飞啊这的老冯
11:35 Feudal Age
15:18 Castle Age
13:16 Double-Bit Axe
13:30 Double-Bit Axe
15:21 Horse Collar
16:23 Bow Saw
18:09 Wheelbarrow
26:16 Heavy Plow
27:04 Husbandry
27:18 Bloodlines
26:56 Loom
27:49 Scale Barding Armor
30:12 Chain Barding Armor
31:32 Hand Cart
33:00 Town Watch
36:24 Imperial Age
36:58 Elite Magyar Huszar
38:46 Plate Barding Armor
40:09 Conscription
40:04 Corvinian Army
41:14 Fletching
43:17 Parthian Tactics
42:48 Bodkin Arrow
42:54 Padded Archer Armor
42:48 Elite Skirmisher
44:56 Bracer
45:38 Leather Archer Armor
45:28 Recurve Bow
47:05 Ring Archer Armor
47:18 Thumb Ring
46:59 Heavy Cavalry Archer
49:48 Chemistry
50:03 Ballistics
62:12 Caravan
64:57 Siege Engineers
70:19 Hoardings
70:17 Masonry
boo
10:36 Feudal Age
14:31 Castle Age
13:10 Double-Bit Axe
14:25 Loom
15:47 Horse Collar
21:27 Wheelbarrow
22:21 Stone Mining
24:22 Hand Cart
24:59 Bow Saw
24:58 Town Watch
25:59 Fletching
27:51 Stone Shaft Mining
27:07 Gold Mining
27:21 Heavy Plow
28:37 Gold Shaft Mining
28:28 Bodkin Arrow
29:16 Ballistics
29:18 Padded Archer Armor
30:55 Bloodlines
31:40 Leather Archer Armor
32:43 Husbandry
35:23 Imperial Age
33:54 Thumb Ring
34:43 Kasbah
36:29 Conscription
36:20 Bracer
37:21 Chemistry
35:49 Elite Camel Archer
37:38 Ring Archer Armor
38:31 Masonry
39:27 Maghrebi Camels
40:11 Heavy Camel Rider
41:02 Forging
40:58 Scale Barding Armor
40:36 Pikeman
41:17 Squires
41:38 Caravan
41:14 Light Cavalry
42:32 Iron Casting
42:17 Hussar
45:01 Chain Barding Armor
45:42 Blast Furnace
45:03 Murder Holes
55:18 Elite Genitour
66:28 Plate Barding Armor
66:27 Coinage
69:42 Siege Engineers
71:30 Treadmill Crane
Chopper
0:26 Loom
10:45 Feudal Age
11:41 Double-Bit Axe
17:22 Castle Age
15:39 Horse Collar
19:07 Bow Saw
22:18 Scale Mail Armor
22:55 Heavy Plow
24:26 Wheelbarrow
26:23 Hand Cart
29:00 Fortified Wall
28:47 Fletching
29:08 Forging
32:01 Imperial Age
29:25 Gold Mining
29:26 Stone Mining
30:41 Squires
30:26 Arson
31:10 Ballistics
31:01 Masonry
31:32 Chain Mail Armor
31:53 Iron Casting
31:40 Thumb Ring
32:40 Caravan
33:41 Plate Mail Armor
34:04 Conscription
34:29 Great Wall
35:33 Two-Man Saw
35:55 Chemistry
35:40 Capped Ram
37:25 Blast Furnace
36:20 Bodkin Arrow
35:56 Elite Fire Lancer
37:12 Architecture
36:34 Siege Ram
38:58 Bracer
38:59 Padded Archer Armor
40:13 Elite Chu Ko Nu
41:57 Leather Archer Armor
44:29 Heated Shot
48:10 Coinage
53:54 Banking
69:31 Rocketry
71:44 Ring Archer Armor
70:53 Heavy Rocket Cart
Miru
11:09 Feudal Age
11:53 Double-Bit Axe
14:49 Castle Age
13:42 Scale Barding Armor
16:42 Forging
19:02 Loom
20:23 Bow Saw
25:54 Gold Mining
28:18 Husbandry
31:23 Wheelbarrow
31:32 Gold Shaft Mining
30:48 Stone Mining
35:41 Imperial Age
34:09 Caravan
35:09 Chain Barding Armor
35:47 Cavalier
37:06 Iron Casting
38:02 Hand Cart
37:33 Town Watch
38:40 Plate Barding Armor
39:05 Blast Furnace
38:06 Paladin
39:10 Light Cavalry
46:00 Chemistry
45:31 Capped Ram
53:15 Ballistics
52:46 Fletching
53:12 Murder Holes
53:50 Bodkin Arrow
55:04 Conscription
55:59 Masonry
56:25 Hoardings
64:28 Architecture
66:47 Chivalry
68:30 Town Patrol
71:30 Siege Engineers
73:27 Padded Archer Armor
73:23 Elite Genitour
海的盒子
10:40 Feudal Age
12:39 Loom
15:29 Castle Age
14:07 Double-Bit Axe
14:03 Horse Collar
17:03 Bow Saw
20:58 Fletching
24:34 Gold Mining
26:34 Wheelbarrow
27:22 Stone Mining
32:04 Imperial Age
30:14 Bodkin Arrow
30:55 Gold Shaft Mining
30:56 Stone Shaft Mining
30:22 Heavy Plow
30:30 Caravan
31:06 Hand Cart
30:37 Town Watch
31:17 Pikeman
31:59 Scale Mail Armor
32:10 Forging
32:27 Squires
33:19 Chain Mail Armor
33:29 Conscription
33:54 Garland Wars
33:33 Eagle Warrior
34:51 Iron Casting
35:18 Chemistry
35:19 Plate Mail Armor
35:24 Elite Jaguar Warrior
37:04 Arson
37:05 Gambesons
38:22 Blast Furnace
38:57 Bracer
39:06 Siege Engineers
41:27 Onager
42:30 Ballistics
44:51 Siege Onager
52:09 Elite Skirmisher
52:51 Padded Archer Armor
52:53 Atlatl
52:58 Padded Archer Armor
52:22 Elite Genitour
62:11 Leather Archer Armor
66:39 Coinage
68:42 Banking
Connection lost

Rejoining the realm…

Still unreachable

The connection could not be restored.

Session expired

The server has moved on; the page needs a fresh start.